 Dungeon Crawl Stone Soup version 0.25.0-9-g26727b657a (webtiles) character file.

Game seed: 4099921667437969207

7034 theswoord the Carver (level 10, 0/80 HPs)
             Began as a Demonspawn Gladiator on June 17, 2020.
             Was a Believer of Wu Jian.
             Slain by an Executioner (16 damage)
             ... on level 2 of the Abyss.
             The game lasted 00:21:41 (10615 turns).

theswoord the Carver (Demonspawn Gladiator)        Turns: 10615, Time: 00:21:41

Health: 0/80       AC: 31    Str: 14    XL:     10   Next: 83%
Magic:  0/10       EV:  7    Int: 17    God:    Wu Jian [**....]
Gold:   541        SH:  0    Dex: 15    Spells: 9/9 levels left

rFire    . . .     SeeInvis .   L - +7 trident "Tizxomem" {freeze, +Rage Str-2 Int+6}
rCold    + . .     Gourm    .   (no shield)
rNeg     . . .     Faith    .   o - +0 chain mail {rC+}
rPois    .         Spirit   +   c - +0 helmet
rElec    +         Reflect  .   s - +2 cloak {rCorr}
rCorr    +         Harm     .   (no gloves)
MR       .....                  t - +5 pair of boots of Autumn {*Contam rElec rCorr}
Stlth    ..........             k - amulet of guardian spirit
HPRegen  0.23/turn              u - +4 ring of protection
MPRegen  0.12/turn              (no ring)

@: mighty, about to teleport, sanguine armour
A: powered by pain 1, sanguine armour 2
a: Wall Jump, Renounce Religion, Evoke Berserk Rage


You were on level 2 of the Abyss.
You worshipped Wu Jian.
Wu Jian was pleased with you.
You were not hungry.

You visited 2 branches of the dungeon, and saw 11 of its levels.
You visited the Abyss 1 time.

You collected 541 gold pieces.

Inventory:

Hand Weapons
 a - a +0 long sword
 m - a +9 trident
 B - the +5 mace of Biamp {elec, rN+ Int+3 Dex-4}
   (You found it on level 6 of the Dungeon)

   Occasionally, upon striking a foe, it will discharge some electrical energy
   and cause terrible harm.
   It affects your intelligence (+3).
   It affects your dexterity (-4).
   It protects you from negative energy.
 L - the +7 trident "Tizxomem" (weapon) {freeze, +Rage Str-2 Int+6}
   (You found it on level 9 of the Dungeon)

   It has been specially enchanted to freeze those struck by it, causing extra
   injury to most foes and up to half again as much damage against particularly
   susceptible opponents.
   It can also slow down cold-blooded creatures.
   It affects your strength (-2).
   It affects your intelligence (+6).
   It lets you go berserk.
Missiles
 d - 5 throwing nets (quivered)
Armour
 b - a +0 leather armour
 c - a +0 helmet (worn)
 n - a +0 cloak
 o - a +0 chain mail of cold resistance (worn)
 s - a +2 cloak of preservation (worn)
 t - the +5 pair of boots of Autumn (worn) {*Contam rElec rCorr}
   (You found it on level 5 of the Dungeon)

   It insulates you from electricity.
   It causes magical contamination when unequipped.
   It provides partial protection from all sources of acid and corrosion.
 y - a +0 troll leather armour
Jewellery
 k - an amulet of guardian spirit (around neck)
 u - a +4 ring of protection (left hand)
 N - a +4 ring of slaying {unknown}
Wands
 J - a wand of iceblast (1)
 K - a wand of disintegration (17)
Scrolls
 g - a scroll of blinking
 i - a scroll of amnesia
 l - 6 scrolls of identify
 p - a scroll of teleportation
 r - 2 scrolls of remove curse
 A - a scroll of magic mapping
 D - a scroll of immolation
 E - a scroll of enchant armour {unknown}
 H - a scroll of fear {unknown}
 I - a scroll of fog {unknown}
Potions
 e - 3 potions of degeneration
 h - 2 potions of lignification
 j - a potion of curing
 v - 2 potions of flight
 x - a potion of invisibility
 z - a potion of brilliance
 C - 2 potions of mutation
 G - a potion of ambrosia
 M - a potion of experience {unknown}
Comestibles
 f - 10 rations


   Skills:
 + Level 7.7 Fighting
 - Level 10.2 Long Blades
 + Level 9.5 Polearms
 - Level 1.7 Throwing
 - Level 2.6 Dodging


You had 9 spell levels left.
You didn't know any spells.
Your spell library contained the following spells:

 Spells                   Type           Power        Failure   Level  Hunger
 Animate Skeleton         Necr           N/A          100%        1    ##.....
 Apportation              Tloc           #.....       100%        1    ##.....
 Beastly Appendage        Tmut           #.....       100%        1    ##.....
 Corona                   Hex            #......      100%        1    ##.....
 Summon Small Mammal      Summ           #...         100%        1    ##.....
 Sticks to Snakes         Tmut           #.......     100%        2    ###....
 Confusing Touch          Hex            #.......     100%        3    ####...
 Gell's Gravitas          Tloc           #.........   100%        3    ####...
 Spider Form              Tmut/Pois      #.........   100%        3    ####...
 Ice Form                 Ice/Tmut       #.......     100%        4    #####..
 Petrify                  Tmut/Erth      #.......     100%        4    #####..
 Blade Hands              Tmut           #.........   100%        5    ######.
 Metabolic Englaciation   Hex/Ice        #.........   100%        5    ######.
 Yara's Violent Unravell  Hex/Tmut       #.........   100%        5    ######.


Dungeon Overview and Level Annotations

Branches:
Dungeon (10/15)            Temple (1/1) D:4
   Lair: D:8-11         Orc: D:9-12

Altars:
Fedhas
Gozag
Hepliaklqana
Sif Muna
Trog
Wu Jian
Xom
Yredelemnul
The Shining One
Beogh

Annotations:
D:3 exclusion: door


Innate Abilities, Weirdness & Mutations

You sometimes gain a little power by taking damage.
When seriously injured, your bleeding wounds create thick armour. (AC +9)


Message History

* * * LOW HITPOINT WARNING * * *
The Executioner hits you but does no damage. x2
You feel better. The Executioner hits you.
* * * LOW HITPOINT WARNING * * *
The Executioner hits you but does no damage. x2
The Executioner hits you.
* * * LOW HITPOINT WARNING * * *
The Executioner hits you but does no damage. x5
Unknown command.
You feel better. The Executioner gestures at you.
Pain shoots through your body!
* * * LOW HITPOINT WARNING * * *
The Executioner hits you.
* * * LOW HITPOINT WARNING * * *
The Executioner hits you but does no damage.
The Executioner hits you.
* * * LOW HITPOINT WARNING * * *
The Executioner hits you!!
You die...

#§.##.# ###X...#
#X1##.#..# #
#.###.####..#
#.#.5.§#....# ..
#.# ##..#.##...
...##.###...#..#
##
.......#1.#..#
.§ .#
#@.#...#..#.
#..#......# #
#..#.....###
..##...##.# .#
... ..... .# ..
.##.# .# . ..#
#.


You could see an Executioner (fast).

Vanquished Creatures
  Harold (D:8)
  A hydra (D:8)
  An unseen horror (D:10)
  Pikel (D:8)
  The ghost of HungrySpirit the Stinger, a novice OpVM (D:5)
  2 trolls (D:9)
  Grinder (D:6)
  Sigmund (D:6)
  A chaos spawn (Abyss:1)
  2 ice beasts (D:5)
  2 sky beasts
  2 orc warriors
  A hornet zombie (D:9)
  A phantom (D:6)
  A black bear (D:9)
  An eye of draining (D:9)
  6 ogres
  3 centaurs
  4 bullfrogs
  2 scorpions
  4 killer bees (D:8)
  3 wights (D:6)
  A crimson imp (D:8)
  A bullfrog zombie (D:7)
  2 hounds
  5 orc priests
  6 orc wizards
  2 centaur skeletons
  Crazy Yiuf (D:6)
  A jelly (D:6)
  A bullfrog skeleton (D:8)
  2 iguanas
  8 worker ants
  2 hound skeletons (D:6)
  2 worker ant zombies
  4 gnolls
  8 adders
  An ufetubus (Abyss:1)
  An ooze (D:1)
  An adder skeleton (D:7)
  An adder zombie (D:6)
  5 worms
  3 dart slugs
  3 leopard geckos
  43 orcs
  A giant cockroach (D:2)
  8 goblins
  7 hobgoblins
  9 jackals
  6 kobolds
  A quokka (D:3)
  2 ball pythons
  3 bats (D:3)
  4 frilled lizards
  A jackal skeleton (D:5)
  A quokka zombie (D:6)
  14 rats
203 creatures vanquished.

Vanquished Creatures (collateral kills)
  A worker ant zombie (D:8)
1 creature vanquished.

Grand Total: 204 creatures vanquished

Notes
Turn   | Place    | Note
-------+----------+-------------------------------------------
     0 | D:1      | theswoord the Demonspawn Gladiator began the quest for the
                  | Orb.
     0 | D:1      | Reached XP level 1. HP: 16/16 MP: 1/1
    57 | D:1      | Reached skill level 3 in Long Blades
    57 | D:1      | Gained mutation: When seriously injured, your bleeding
                  | wounds create armour. (AC +9) [demonic ancestry]
    57 | D:1      | Reached XP level 2. HP: 22/22 MP: 2/2
   523 | D:1      | Gained mutation: You sometimes gain a little power by
                  | taking damage. [demonic ancestry]
   523 | D:1      | Reached XP level 3. HP: 22/27 MP: 3/3
  1038 | D:2      | Reached skill level 4 in Long Blades
  1552 | D:2      | Found a hazy altar of Hepliaklqana.
  1861 | D:3      | Reached XP level 4. HP: 29/33 MP: 4/4
  1911 | D:3      | Found a glowing golden altar of the Shining One.
  1944 | D:3      | Reached skill level 5 in Long Blades
  2504 | D:3      | Gained mutation: When seriously injured, your bleeding
                  | wounds create thick armour. (AC +9) [demonic ancestry]
  2504 | D:3      | Reached XP level 5. HP: 38/38 MP: 5/5
  2646 | D:3      | Found a shimmering blue altar of Sif Muna.
  2751 | D:3      | Reached skill level 6 in Long Blades
  2764 | D:3      | Reached XP level 6. HP: 41/44 MP: 6/6
  3080 | D:3      | Found an opulent altar of Gozag.
  3466 | D:4      | Found a staircase to the Ecumenical Temple.
  3534 | Temple   | Entered the Ecumenical Temple
  3541 | Temple   | Became a worshipper of the Wu Jian Council
  3873 | D:4      | Reached skill level 7 in Long Blades
  4160 | D:5      | Entered Level 5 of the Dungeon
  4249 | D:5      | Found a runed translucent gate.
  4249 | D:5      | Found a runed translucent gate.
  4250 | D:5      | Found a runed translucent gate.
  4251 | D:5      | Noticed HungrySpirit's ghost (novice OpVM)
  4296 | D:5      | Found a roughly hewn altar of Beogh.
  4323 | D:5      | Noticed an ice beast
  4344 | D:5      | Killed an ice beast
  4344 | D:5      | Reached XP level 7. HP: 37/50 MP: 5/7
  4716 | D:5      | Found a faded altar of an unknown god.
  4716 | D:5      | Found a blossoming altar of Fedhas.
  4734 | D:5      | Reached skill level 8 in Long Blades
  4771 | D:5      | Found a basalt altar of Yredelemnul.
  4773 | D:5      | Found a bloodstained altar of Trog.
  4774 | D:5      | Found a faded altar of an unknown god.
  4869 | D:6      | Noticed Sigmund
  5321 | D:5      | Killed HungrySpirit's ghost
  5321 | D:5      | Reached skill level 9 in Long Blades
  5321 | D:5      | Reached XP level 8. HP: 20/56 MP: 2/8
  5511 | D:5      | Got a pair of encrusted boots
  5517 | D:5      | Identified the +5 pair of boots of Autumn {*Contam rElec
                  | rCorr} (You found it on level 5 of the Dungeon)
  5531 | D:6      | Reached skill level 1 in Polearms
  5538 | D:6      | Killed Sigmund
  5627 | D:6      | Reached * piety under Wu Jian
  5800 | D:6      | Noticed Grinder
  5810 | D:6      | Paralysed by Grinder for 6 turns
  5817 | D:6      | Killed Grinder
  5817 | D:6      | Reached skill level 5 in Polearms
  5817 | D:6      | Reached XP level 9. HP: 61/61 MP: 4/9
  6388 | D:6      | Found a runed translucent door.
  6389 | D:6      | Noticed Crazy Yiuf
  6405 | D:6      | Killed Crazy Yiuf
  6409 | D:6      | Got a masterwork mace
  6410 | D:6      | Identified the +5 mace of Biamp {elec, rN+ Int+3 Dex-4}
                  | (You found it on level 6 of the Dungeon)
  7590 | D:8      | Noticed Harold
  7613 | D:8      | Killed Harold
  7613 | D:8      | Reached ** piety under Wu Jian
  7613 | D:8      | Reached skill level 10 in Long Blades
  7915 | D:8      | Noticed Pikel
  7951 | D:8      | Killed Pikel
  7951 | D:8      | Reached skill level 5 in Fighting
  7951 | D:8      | Reached XP level 10. HP: 71/74 MP: 8/10
  8618 | D:9      | Noticed a seven-headed hydra
  8634 | D:8      | Killed a seven-headed hydra
  9180 | D:9      | Got a translucent trident
  9181 | D:9      | Identified the +7 trident "Tizxomem" {freeze, +Rage Str-2
                  | Int+6} (You found it on level 9 of the Dungeon)
  9695 | D:10     | Entered Level 10 of the Dungeon
  9982 | D:10     | Killed an unseen horror
 10160 | D:10     | Reached *** piety under Wu Jian
 10166 | D:10     | Cast into level 1 of the Abyss (orc warrior)
 10198 | Abyss:1  | Noticed an orange demon
 10234 | Abyss:1  | Noticed a large abomination
 10271 | Abyss:1  | Noticed a white ugly thing
 10272 | Abyss:1  | Noticed a white very ugly thing
 10272 | Abyss:1  | Noticed a white ugly thing
 10272 | Abyss:1  | Noticed a white very ugly thing
 10303 | Abyss:1  | Noticed a tentacled starspawn
 10375 | Abyss:1  | Paralysed by a chaos spawn for 3 turns
 10426 | Abyss:1  | Noticed a thrashing horror
 10513 | Abyss:2  | Noticed a starcursed mass
 10539 | Abyss:2  | Found a corrupted altar of Lugonu.
 10602 | Abyss:2  | Noticed an Executioner
 10615 | Abyss:2  | Slain by an Executioner

Skill      XL: |  1  2  3  4  5  6  7  8  9 10 |
---------------+-------------------------------+-----
Long Blades    | 3 4 5 6 7 9 10 | 10.2
Polearms       | 5 7 9 |  9.5
Fighting       | 5 7 |  7.7
Throwing       | |  1.7
Dodging        | |  2.6

Action                   |  1- 3 |  4- 6 |  7- 9 | 10-12 || total
-------------------------+-------+-------+-------+-------++-------
Melee: Long sword        |    94 |   247 |   105 |       ||   446
       Trident           |       |       |   210 |   184 ||   394
Throw: Throwing net      |       |       |     2 |       ||     2
Invok: Lunge             |       |     3 |     6 |       ||     9
       Whirlwind         |       |       |       |    11 ||    11
Evoke: Wand              |       |       |       |     4 ||     4
  Use: Potion            |       |     2 |     6 |     5 ||    13
       Scroll            |       |    11 |     3 |    10 ||    24
 Stab: Sleeping          |     1 |       |       |       ||     1
       Distracted        |       |       |     1 |       ||     1
       Held in net/web   |       |       |     1 |       ||     1
       Invisible         |       |       |       |     1 ||     1
  Eat: Chunk             |     3 |     7 |    10 |     6 ||    26
       Ration            |       |       |     1 |     1 ||     2
Armor: Leather armour    |    22 |       |       |       ||    22
       Chain mail        |    15 |   152 |   204 |   208 ||   579
       Skin              |       |    62 |     2 |       ||    64
Dodge: Dodged            |    51 |    75 |    75 |    82 ||   283
       Rpst.: Long sword |    19 |    29 |     6 |       ||    54

Levels and vault maps discovered:
D:1:      enne_arrival_octagon_isle, layout_basic, minivault_19
D:2:      layout_basic, lemuel_coloured_pillars_altar, hangedman_feature_mirror,
          lemuel_flame_loot_1
D:3:      layout_rooms, led_sif_book, lemuel_round_altar, lemuel_doored_altar,
          minmay_joined_circles
D:4:      layout_gridville, minmay_temple_entry_statues_fountains
D:5:      layout_rooms, chequers_temple_overflow_minitemple,
          biasface_ghost_orc_armoury, first_ration, minivault_1
D:6:      layout_cave_pools, serial_glass, glass_columns_c, glass_columns_c,
          minmay_holes, uniq_crazy_yiuf_cottage, uniq_grinder, uniq_sigmund
D:7:      layout_basic
D:8:      layout_rooms, serial_co_window_serial, co_window_corner_a,
          co_window_corner_a, co_window_of_opportunity_a, co_window_cross_1,
          co_window_paths_b, co_window_cross_3, co_window_of_opportunity_c,
          co_window_broadway_c, co_window_unsneaky_path_e,
          co_window_unsneaky_path_c, co_window_corner_b, co_window_4corner_a,
          co_window_paths_e, glass_columns_a, glass_columns_b, glass_columns_a,
          glass_columns_c, uniq_pikel, uniq_harold
D:9:      layout_stronghold
D:10:     minmay_s_stair_smasher, layout_loops_ring, lair_entry_dummy,
          hiddenorc2_lemuel, hangedman_stone_soup
Temple:   regret_index_temple_waves
Abyss:2:  base: D:11, evilmike_abyss_exit_1
